 Dungeon Crawl Stone Soup version 0.30.0-10-gfe55d96785 (webtiles) character file.

Game seed: 12300549628011159286

217 monsoonserge the Cudgeller (level 6, 0/78 HPs)
             Began as a Meteoran Fighter on May 15, 2023.
             Was a Follower of Wu Jian.
             Slain by a lemure (5 damage)
             ... led by Pikel
             ... on level 4 of the Dungeon.
             The game lasted 00:09:06 (825 turns).

monsoonserge the Cudgeller (Meteoran Fighter)        Turns: 825, Time: 00:09:07

Health: 0/78       AC: 11    Str: 19 (20) XL:     6   Next: 40%
Magic:  7/7        EV:  8    Int:  8 (9)  God:    Wu Jian [*.....]
Gold:   41         SH:  5    Dex: 13 (14) Spells: 5/5 levels left

rFire   . . .        m - +2 trident (venom)
rCold   . . .        c - +0 buckler
rNeg    . . .        e - +0 chain mail
rPois   .            (no helmet)
rElec   .            (no cloak)
rCorr   .            (no gloves)
SInv    .            l - +0 pair of boots
Will    .....        (no amulet) Stlth
                     (no ring)
HPRegen 0.33/turn    (no ring)
MPRegen 0.10/turn

%: no passive effects
@: berserking, flying, hasted, glowing, very quick
A: sense surroundings 1, otherworldly, glowing, explore regen
a: Renounce Religion


You were on level 4 of the Dungeon.
You worshipped Wu Jian.
Wu Jian was aware of your devotion.
You visited 1 branch of the dungeon, and saw 6 of its levels.

You collected 41 gold pieces.

Inventory:

Hand Weapons
 a - a +0 flail
 m - a +2 trident of venom (weapon)
Missiles
 h - 6 poisoned darts (quivered)
Armour
 b - a +0 scale mail
 c - a +0 buckler (worn)
 e - a +0 chain mail (worn)
 l - a +0 pair of boots (worn)
Scrolls
 f - 3 scrolls of identify {unknown}
 g - 3 scrolls of enchant weapon {unknown}
 i - a scroll of teleportation {unknown}
 j - a scroll of immolation {unknown}
Potions
 d - 4 potions of might
 k - a potion of degeneration
 p - a potion of haste


   Skills:
 + Level 4.0 Fighting
 + Level 5.5 Maces & Flails
 + Level 0.4 Polearms
 + Level 4.9 Armour
 + Level 0.9 Dodging
 + Level 4.3 Shields


You had 5 spell levels left.
You didn't know any spells.
Your spell library was empty.

Dungeon Overview and Level Annotations

Branches:
Dungeon (6/15) Zot: 2734
 Temple: D:4-7

Altars:
Wu Jian

Annotations:
D:4 Grinder
D:5 Edmund


Innate Abilities, Weirdness & Mutations

You passively map a small area around you.
You are easily found by Zot.
You glow in the dark.
You regain HP and MP as you explore.


Message History

You hit Grinder.
Grinder is severely wounded.
The lemure hits you. Grinder hits you but does no damage.
You barely miss Grinder.
Grinder is almost dead.
The lemure barely misses you. Grinder hits you but does no damage.
The lemure hits you but does no damage. Grinder gestures at you.
You suddenly lose the ability to move!
The lemure hits you. Grinder hits you.
You writhe in agony.
* * * LOW HITPOINT WARNING * * *
The lemure hits you!
* * * LOW HITPOINT WARNING * * *
Grinder hits you.
* * * LOW HITPOINT WARNING * * *
You writhe in agony.
* * * LOW HITPOINT WARNING * * *
You can move again.
It was a potion of haste.
You feel yourself speed up. The lemure hits you but does no damage.
Grinder closely misses you.
It was a potion of degeneration.
There was something very wrong with that liquid.
You feel weakened.
You feel dopey.
You feel clumsy.
It was a potion of flight.
You feel very buoyant.
You fly up into the air.
You block the lemure's attack. You block Grinder's attack.
It was a potion of berserk rage.
A red film seems to cover your vision as you go berserk!
You feel yourself moving faster!
You feel mighty! The lemure hits you but does no damage.
Grinder hits you but does no damage.
You closely miss Grinder.
Grinder is almost dead.
The lemure hits you but does no damage.
Grinder blinks!
You puncture the lemure!
The lemure is heavily wounded.
You closely miss the lemure.
The lemure is heavily wounded.
The lemure hits you.
You die...

########### *
#55@....5.. > #
#5######### ## #.#
.#############5######
#5.......5..........#
.#...###...5.........#
##.#...5.#####.####..#
* ##...##### #.# .. ,
##.## #.# ,


You could see Grinder (poisoned) and 3 lemures.

Vanquished Creatures
  A hound (D:5)
  2 orc priests (D:6)
  2 iguanas (D:6)
  An adder (D:6)
  A shadow imp (D:4)
  A white imp (D:6)
  3 worms
  4 orcs
  A ball python (D:1)
  2 bats
  3 endoplasms (D:1)
  2 giant cockroaches
  3 goblins
  3 hobgoblins (D:1)
  4 jackals (D:2)
  3 kobolds (D:1)
  2 rats (D:1)
38 creatures vanquished.

Notes
Turn   | Place    | Note
-------+----------+-------------------------------------------
     0 | D:1      | monsoonserge the Meteoran Fighter began the quest for the
                  | Orb.
     0 | D:1      | Reached XP level 1. HP: 19/19 MP: 2/2
   282 | D:1      | Reached XP level 2. HP: 22/26 MP: 3/3
   348 | D:1      | Reached skill level 3 in Maces & Flails
   442 | D:1      | Reached XP level 3. HP: 31/31 MP: 4/4
   457 | D:1      | Found a faded altar of an unknown god.
   466 | D:1      | Prayed at the altar of an unknown god.
   466 | D:1      | Became a worshipper of the Wu Jian Council
   466 | D:1      | Reached * piety under Wu Jian
   485 | D:1      | Glimpsed the power of Zot.
   595 | D:3      | You fall into a shaft and drop 3 floors!
   602 | D:6      | Reached skill level 4 in Maces & Flails
   602 | D:6      | Reached XP level 4. HP: 34/40 MP: 5/5
   612 | D:6      | Reached XP level 5. HP: 34/46 MP: 6/6
   633 | D:5      | Entered Level 5 of the Dungeon
   655 | D:6      | Reached skill level 5 in Maces & Flails
   668 | D:5      | Noticed an ogre
   681 | D:6      | Reached XP level 6. HP: 25/52 MP: 7/7
   713 | D:5      | Noticed Edmund
   796 | D:4      | Noticed Grinder
   804 | D:4      | Paralysed by Grinder for 3 turns
   816 | D:4      | Paralysed by Grinder for 3 turns
   818 | D:4      | HP: 2/52 [Grinder (4)]
   825 | D:4      | Slain by a lemure

Illustrated notes

Levels and vault maps discovered:
D:1:      dpeg_arrival_houses_and_road, layout_loops_corners,
          chequers_ecumenical_altar_simple
D:2:      layout_rooms, basic_altar, serial_bayou_ford_a,
          nicolae_elevator_lobby_asterisk
D:3:      minmay_bubble_buster, layout_basic, nicolae_sif_muna_little_library,
          uniq_jessica, uniq_sigmund, uniq_ijyb
D:4:      layout_loops_ring, nicolae_ru_great_annihilating_truth, serial_shops,
          shop, uniq_grinder, uniq_menkaure, uniq_crazy_yiuf_cottage, uniq_pikel
D:5:      layout_cave_pools, uniq_edmund
D:6:      lemuel_ice_spiral_2, layout_basic, temple_doors_ab, serial_shops,
          nicolae_shop_crystal

Skill      XL: |  1  2  3  4  5  6 |
---------------+-------------------+-----
Maces & Flails | 3 4 5 |  5.5
Armour         | 4 |  4.9
Shields        | 4 |  4.3
Fighting       | 4 |  4.0
Polearms       | |  0.4
Dodging        | |  0.9

Action                     |  1- 3 |  4- 6 || total
---------------------------+-------+-------++-------
  Melee: Flail             |    74 |    10 ||    84
         Trident           |       |    64 ||    64
Ability: Lunge             |     2 |     2 ||     4
         Whirlwind         |       |     1 ||     1
    Use: Potion            |       |     4 ||     4
         Scroll            |       |     1 ||     1
 Armour: Chain mail        |    42 |    59 ||   101
  Dodge: Dodged            |    20 |    30 ||    50
  Block: Buckler           |    20 |    21 ||    41
